TOP OF THE 1ST |
Columbus Reds batting - Pitching for Paris Cubs : RHP Bogdan Sdobnyakov
|
Pitching: RHP Bogdan Sdobnyakov
|
|
Batting: RHB Alex de Leon
|
0-0: Ball 1-0: Ball 2-0: Foul Ball, location: 2F 2-1: Foul Ball, location: 2F 2-2: Strikes out looking
|
Batting: LHB Keith Egan
|
0-0: Ball 1-0: Called Strike 1-1: Foul Ball, location: 2F 1-2: Ball 2-2: Foul Ball, location: 2F 2-2: Ball 3-2: Ground out 4-3 (Groundball, 4, EV 83.1 MPH)
|
Batting: RHB Pat McCoy
|
0-0: Ball 1-0: Foul Ball, location: 2F 1-1: Called Strike 1-2: Ball 2-2: Ball 3-2: Strikes out looking
|
Top of the 1st over - 0 runs, 0 hits, 0 errors, 0 left on base; Columbus 0 - Paris 0 |
BOTTOM OF THE 1ST |
Paris Cubs batting - Pitching for Columbus Reds : LHP Davy Thorne
|
Pitching: LHP Davy Thorne
|
|
Batting: RHB Puluke Konane
|
0-0: Foul Ball, location: 2F 0-1: Foul Ball, location: 2F 0-2: Ball 1-2: DOUBLE (Groundball, 5L, EV 101.3 MPH)
|
Batting: RHB Brad Santanello
|
0-0: Ball 1-0: Ball 2-0: Called Strike 2-1: Ball 3-1: Base on Balls
|
Batting: RHB Du Kim
|
0-0: Ball 1-0: Foul Ball, location: 2F 1-1: Ball 2-1: SINGLE (Groundball, 25, EV 71.9 MPH) (infield hit) Puluke Konane to third Brad Santanello to second
|
Batting: RHB Ricardo Aguinaga
|
0-0: Reached on error, E7 (Flyball, 7, EV 93.1 MPH) Puluke Konane scores Brad Santanello to third Du Kim to second
|
Batting: RHB Denis Rachin
|
0-0: Ball 1-0: Ball 2-0: Swinging Strike 2-1: Ball 3-1: Swinging Strike 3-2: Foul Ball, location: 2F 3-2: Foul Ball, location: 2F 3-2: Strikes out swinging
|
Batting: RHB Gilberto Alvarado
|
0-0: Called Strike 0-1: Ball 1-1: Swinging Strike 1-2: Strikes out swinging
|
Batting: RHB Khalil Stephens
|
0-0: Ball 1-0: Foul Ball, location: 2F 1-1: Called Strike 1-2: Strikes out looking
|
Bottom of the 1st over - 1 run, 2 hits, 1 error, 3 left on base; Columbus 0 - Paris 1 |
TOP OF THE 2ND |
Columbus Reds batting - Pitching for Paris Cubs : RHP Bogdan Sdobnyakov
|
Batting: LHB Chris Redhead
|
0-0: Ball 1-0: Swinging Strike 1-1: Called Strike 1-2: Ball 2-2: Ball 3-2: Ground out 4-3 (Groundball, 4, EV 80.0 MPH)
|
Batting: RHB R.J. Romberg
|
0-0: Swinging Strike 0-1: Ball 1-1: Swinging Strike 1-2: Strikes out swinging
|
Batting: LHB Tim Kirk
|
0-0: Called Strike 0-1: Called Strike 0-2: Ball 1-2: Strikes out swinging
|
Top of the 2nd over - 0 runs, 0 hits, 0 errors, 0 left on base; Columbus 0 - Paris 1 |
BOTTOM OF THE 2ND |
Paris Cubs batting - Pitching for Columbus Reds : LHP Davy Thorne
|
Batting: LHB Hiroki Yamamoto
|
0-0: Called Strike 0-1: Ball 1-1: Ball 2-1: SINGLE (Line Drive, 56D, EV 100.0 MPH)
|
Batting: RHB Alvaro Romero
|
0-0: Called Strike 0-1: Called Strike 0-2: Ball 1-2: Ball 2-2: Strikes out swinging
|
Batting: RHB Puluke Konane
|
0-0: Swinging Strike 0-1: DOUBLE (Line Drive, 9LM, EV 104.4 MPH) Hiroki Yamamoto to third Runner from 3rd tries for Home, SAFE, throw by RF to trailing runner, SAFE at third!
|
Batting: RHB Brad Santanello
|
0-0: Ball 1-0: Ball 2-0: Called Strike 2-1: Swinging Strike 2-2: Strikes out swinging
|
Batting: RHB Du Kim
|
0-0: Foul Ball, location: 2F 0-1: Foul Ball, location: 2F 0-2: Strikes out swinging
|
Bottom of the 2nd over - 1 run, 2 hits, 0 errors, 1 left on base; Columbus 0 - Paris 2 |
TOP OF THE 3RD |
Columbus Reds batting - Pitching for Paris Cubs : RHP Bogdan Sdobnyakov
|
Batting: RHB Sang-ton Pak
|
0-0: Called Strike 0-1: Called Strike 0-2: Ball 1-2: Strikes out swinging
|
Batting: RHB Fred Barbour
|
0-0: Called Strike 0-1: Foul Ball, location: 2F 0-2: Foul Ball, location: 2F 0-2: Foul Ball, location: 2F 0-2: Ball 1-2: Strikes out looking
|
Batting: LHB Elijah Benton
|
0-0: Called Strike 0-1: Swinging Strike 0-2: Foul Ball, location: 2F 0-2: Strikes out looking
|
Top of the 3rd over - 0 runs, 0 hits, 0 errors, 0 left on base; Columbus 0 - Paris 2 |
BOTTOM OF THE 3RD |
Paris Cubs batting - Pitching for Columbus Reds : LHP Davy Thorne
|
Batting: RHB Ricardo Aguinaga
|
0-0: Ground out 6-3 (Groundball, 56, EV 93.8 MPH)
|
Batting: RHB Denis Rachin
|
0-0: Called Strike 0-1: Called Strike 0-2: Ball 1-2: Foul Ball, location: 2F 1-2: SINGLE (Line Drive, 7S, EV 88.1 MPH)
|
Batting: RHB Gilberto Alvarado
|
0-0: Foul Ball, location: 2F 0-1: SINGLE (Line Drive, 78S, EV 90.6 MPH) Denis Rachin to second
|
Batting: RHB Khalil Stephens
|
0-0: Ball 1-0: Ball 2-0: Ball 3-0: Base on Balls Denis Rachin to third Gilberto Alvarado to second
|
Batting: LHB Hiroki Yamamoto
|
0-0: Ball 1-0: Called Strike 1-1: Swinging Strike 1-2: Ball 2-2: Strikes out swinging
|
Batting: RHB Alvaro Romero
|
0-0: Swinging Strike 0-1: Foul Ball, location: 2F 0-2: Ball 1-2: Ball 2-2: Foul Ball, location: 2F 2-2: Foul Ball, location: 2F 2-2: Fly out, F2 (Popup, 23F, EV 85.6 MPH)
|
Bottom of the 3rd over - 0 runs, 2 hits, 0 errors, 3 left on base; Columbus 0 - Paris 2 |
TOP OF THE 4TH |
Columbus Reds batting - Pitching for Paris Cubs : RHP Bogdan Sdobnyakov
|
Batting: RHB Alex de Leon
|
0-0: Called Strike 0-1: Foul Ball, location: 2F 0-2: Strikes out looking
|
Batting: LHB Keith Egan
|
0-0: Ball 1-0: Called Strike 1-1: Fly out, F8 (Flyball, 8RXD, EV 86.3 MPH)
|
Batting: RHB Pat McCoy
|
0-0: Called Strike 0-1: Ball 1-1: Foul Ball, location: 2F 1-2: Ball 2-2: Ball 3-2: Ground out 5-3 (Groundball, 5, EV 95.6 MPH)
|
Top of the 4th over - 0 runs, 0 hits, 0 errors, 0 left on base; Columbus 0 - Paris 2 |
BOTTOM OF THE 4TH |
Paris Cubs batting - Pitching for Columbus Reds : LHP Davy Thorne
|
Batting: RHB Puluke Konane
|
0-0: Called Strike 0-1: Called Strike 0-2: Foul Ball, location: 2F 0-2: Foul Ball, location: 2F 0-2: Ball 1-2: DOUBLE (Line Drive, 7LM, EV 101.3 MPH)
|
Batting: RHB Brad Santanello
|
0-0: Swinging Strike 0-1: Ball 1-1: Called Strike 1-2: Ball 2-2: Ball 3-2: Strikes out looking
|
Batting: RHB Du Kim
|
0-0: Ball 1-0: DOUBLE (Line Drive, 78M, EV 99.4 MPH) Puluke Konane scores
|
Batting: RHB Ricardo Aguinaga
|
0-0: Ball 1-0: 2-RUN HOME RUN (Flyball, 7LD, EV 93.1 MPH), Distance : 350 ft
|
Batting: RHB Denis Rachin
|
0-0: Ball 1-0: Foul Ball, location: 2F 1-1: Ground out 1-3 (Groundball, 13S, EV 71.9 MPH)
|
Batting: RHB Gilberto Alvarado
|
0-0: Called Strike 0-1: Ball 1-1: Swinging Strike 1-2: Ball 2-2: Ball 3-2: Foul Ball, location: 2F 3-2: Ground out 4-3 (Groundball, 4MD, EV 88.8 MPH)
|
Bottom of the 4th over - 3 runs, 3 hits, 0 errors, 0 left on base; Columbus 0 - Paris 5 |
TOP OF THE 5TH |
Columbus Reds batting - Pitching for Paris Cubs : RHP Bogdan Sdobnyakov
|
Batting: LHB Chris Redhead
|
0-0: Swinging Strike 0-1: Ball 1-1: Foul Ball, location: 2F 1-2: Strikes out swinging
|
Batting: RHB R.J. Romberg
|
0-0: Ball 1-0: Foul Ball, location: 2F 1-1: Called Strike 1-2: Ball 2-2: Strikes out looking
|
Batting: LHB Tim Kirk
|
0-0: Ball 1-0: Called Strike 1-1: Ball 2-1: Ball 3-1: Fly out, F8 (Line Drive, 8RM, EV 101.9 MPH)
|
Top of the 5th over - 0 runs, 0 hits, 0 errors, 0 left on base; Columbus 0 - Paris 5 |
BOTTOM OF THE 5TH |
Paris Cubs batting - Pitching for Columbus Reds : LHP Davy Thorne
|
Batting: RHB Khalil Stephens
|
0-0: Ball 1-0: Foul Ball, location: 2F 1-1: Ball 2-1: Foul Ball, location: 2F 2-2: Ball 3-2: Strikes out swinging
|
Batting: LHB Hiroki Yamamoto
|
0-0: Ball 1-0: SINGLE (Line Drive, 7LS, EV 96.3 MPH)
|
Batting: RHB Alvaro Romero
|
0-0: Called Strike 0-1: Foul Ball, location: 2F 0-2: Foul Ball, location: 2F 0-2: Ball 1-2: Strikes out swinging
|
Batting: RHB Puluke Konane
|
0-0: Called Strike 0-1: Ball 1-1: Ball 2-1: Foul Ball, location: 2F 2-2: Ball 3-2: 2-RUN HOME RUN (Flyball, 78XD, EV 110.0 MPH), Distance : 440 ft
|
Pitching: RHP Alex Villagomez
|
|
Batting: RHB Brad Santanello
|
0-0: Ball 1-0: Called Strike 1-1: Ball 2-1: Foul Ball, location: 2F 2-2: Ball 3-2: SINGLE (Groundball, 6MD, EV 106.3 MPH)
|
Batting: RHB Du Kim
|
0-0: Foul Ball, location: 2F 0-1: Ball 1-1: Ball Wild Pitch! Brad Santanello to second 2-1: Ball 3-1: Base on Balls
|
Batting: RHB Ricardo Aguinaga
|
0-0: Ball 1-0: Ball 2-0: Called Strike 2-1: SINGLE (Flyball, 8LS, EV 84.4 MPH) Brad Santanello to third Du Kim to second Runner from 3rd tries for Home, throw by CF and OUT! 8-2
|
Bottom of the 5th over - 2 runs, 4 hits, 0 errors, 2 left on base; Columbus 0 - Paris 7 |
TOP OF THE 6TH |
Columbus Reds batting - Pitching for Paris Cubs : RHP Bogdan Sdobnyakov
|
Batting: RHB Sang-ton Pak
|
0-0: Called Strike 0-1: Ball 1-1: Ball 2-1: Fly out, F8 (Line Drive, 8RM, EV 85.6 MPH)
|
Batting: RHB Fred Barbour
|
0-0: Called Strike 0-1: Ball 1-1: Foul Ball, location: 2F 1-2: Ball 2-2: Ball 3-2: Foul Ball, location: 2F 3-2: Base on Balls
|
Batting: LHB Elijah Benton
|
0-0: Called Strike 0-1: Foul Ball, location: 2F 0-2: Ball 1-2: Strikes out looking
|
Batting: RHB Alex de Leon
|
0-0: Called Strike 0-1: Called Strike 0-2: Strikes out swinging
|
Top of the 6th over - 0 runs, 0 hits, 0 errors, 1 left on base; Columbus 0 - Paris 7 |
BOTTOM OF THE 6TH |
Paris Cubs batting - Pitching for Columbus Reds : RHP Alex Villagomez
|
Batting: RHB Denis Rachin
|
0-0: Foul Ball, location: 2F 0-1: Ball 1-1: Ball 2-1: SINGLE (Groundball, 4, EV 96.9 MPH)
|
Batting: RHB Gilberto Alvarado
|
0-0: SINGLE (Line Drive, 7S, EV 104.4 MPH) Denis Rachin to second
|
Batting: RHB Khalil Stephens
|
0-0: Hit by Pitch Denis Rachin to third Gilberto Alvarado to second
|
Batting: LHB Hiroki Yamamoto
|
Balk! Denis Rachin scores Gilberto Alvarado to third Khalil Stephens to second 0-0: Foul Ball, location: 2F 0-1: Fly out, F5 (Popup, 5SF, EV 71.3 MPH)
|
Batting: RHB Alvaro Romero
|
0-0: Ball 1-0: Called Strike 1-1: Ball 2-1: Ball 3-1: Called Strike 3-2: Base on Balls
|
Batting: RHB Puluke Konane
|
0-0: Called Strike 0-1: Ball 1-1: Ball 2-1: Fielders Choice at 2nd, 6-4 (Groundball, 6, EV 82.5 MPH) Gilberto Alvarado scores Khalil Stephens to third
|
Batting: RHB Brad Santanello
|
0-0: SINGLE (Flyball, 78S, EV 90.6 MPH) Khalil Stephens scores Puluke Konane to second
|
Pitching: RHP Kyle Vance
|
|
Batting: RHB Du Kim
|
0-0: Foul Ball, location: 2F 0-1: Foul Ball, location: 2F 0-2: Fielders Choice at 2nd, 5-4 (Groundball, 56, EV 101.3 MPH)
|
Bottom of the 6th over - 3 runs, 3 hits, 0 errors, 2 left on base; Columbus 0 - Paris 10 |
TOP OF THE 7TH |
Columbus Reds batting - Pitching for Paris Cubs : RHP Bogdan Sdobnyakov
|
Batting: LHB Keith Egan
|
0-0: Ball 1-0: Called Strike 1-1: Called Strike 1-2: Foul Ball, location: 2F 1-2: Ball 2-2: Ground out 5-3 (Groundball, 56, EV 83.1 MPH)
|
Batting: RHB Pat McCoy
|
0-0: Called Strike 0-1: Ball 1-1: Ball 2-1: Ball 3-1: SINGLE (Groundball, 4M, EV 99.4 MPH) (infield hit)
|
Batting: LHB Chris Redhead
|
0-0: Called Strike 0-1: Ground out U3 (Groundball, 3S, EV 70.6 MPH) Pat McCoy to second
|
Batting: RHB R.J. Romberg
|
0-0: Called Strike 0-1: Called Strike Balk! Pat McCoy to third 0-2: Ball 1-2: Strikes out swinging
|
Top of the 7th over - 0 runs, 1 hit, 0 errors, 1 left on base; Columbus 0 - Paris 10 |
BOTTOM OF THE 7TH |
Paris Cubs batting - Pitching for Columbus Reds : RHP Kyle Vance
|
Batting: RHB Ricardo Aguinaga
|
0-0: Called Strike 0-1: Ball 1-1: Ball 2-1: Foul Ball, location: 2F 2-2: Strikes out swinging
|
Batting: RHB Denis Rachin
|
0-0: Ball 1-0: Swinging Strike 1-1: SINGLE (Groundball, 56D, EV 96.9 MPH)
|
Batting: RHB Gilberto Alvarado
|
0-0: Foul Ball, location: 2F 0-1: Called Strike 0-2: Ball 1-2: Foul Ball, location: 2F 1-2: Ball 2-2: Ball 3-2: Fly out, F6 (Flyball, 56D, EV 91.3 MPH)
|
Pitching: RHP Brian Trejo
|
|
Batting: RHB Khalil Stephens
|
0-0: Ball 1-0: Foul Ball, location: 2F 1-1: Ball 2-1: Fly out, F8 (Line Drive, 8LD, EV 98.8 MPH)
|
Bottom of the 7th over - 0 runs, 1 hit, 0 errors, 1 left on base; Columbus 0 - Paris 10 |
TOP OF THE 8TH |
Columbus Reds batting - Pitching for Paris Cubs : RHP Bogdan Sdobnyakov
|
Batting: LHB Tim Kirk
|
0-0: Ball 1-0: Foul Ball, location: 2F 1-1: Foul Ball, location: 2F 1-2: Foul Ball, location: 2F 1-2: DOUBLE (Flyball, 7LM, EV 90.6 MPH)
|
Batting: RHB Sang-ton Pak
|
0-0: Ball 1-0: Ball 2-0: Called Strike 2-1: Ball 3-1: Base on Balls
|
Batting: RHB Fred Barbour
|
0-0: Called Strike 0-1: Ball 1-1: Foul Ball, location: 2F 1-2: Ball 2-2: Ball 3-2: Strikes out looking
|
Batting: LHB Elijah Benton
|
0-0: Swinging Strike 0-1: Fielders Choice at 2nd, 5-4 (Groundball, 56, EV 100.6 MPH) Tim Kirk to third
|
Batting: RHB Alex de Leon
|
0-0: Ball 1-0: Ball 2-0: SINGLE (Line Drive, 7LS, EV 87.5 MPH) Tim Kirk scores Elijah Benton to second
|
Pitching: LHP Jose Urena
|
|
Batting: LHB Keith Egan
|
0-0: Ball 1-0: Ball 2-0: Called Strike 2-1: Called Strike 2-2: Foul Ball, location: 2F 2-2: Ball 3-2: Fly out, F8 (Flyball, 8RD, EV 99.4 MPH)
|
Top of the 8th over - 1 run, 2 hits, 0 errors, 2 left on base; Columbus 1 - Paris 10 |
BOTTOM OF THE 8TH |
Paris Cubs batting - Pitching for Columbus Reds : RHP Brian Trejo
|
Batting: LHB Hiroki Yamamoto
|
0-0: Ground out 4-3 (Groundball, 4, EV 78.8 MPH)
|
Batting: RHB Alvaro Romero
|
0-0: Ball 1-0: Called Strike 1-1: Swinging Strike 1-2: Ball 2-2: Foul Ball, location: 2F 2-2: Ball 3-2: Ground out 6-3 (Groundball, 56, EV 90.6 MPH)
|
Batting: RHB Puluke Konane
|
0-0: Called Strike 0-1: Foul Ball, location: 2F 0-2: Reached on error, E9 (Flyball, 9S, EV 86.3 MPH)
|
Pinch Hitting: RHB Chris Stec
|
0-0: Swinging Strike 0-1: Called Strike 0-2: Ball 1-2: Foul Ball, location: 2F 1-2: Foul Ball, location: 2F 1-2: Ball 2-2: Strikes out swinging
|
Bottom of the 8th over - 0 runs, 0 hits, 1 error, 1 left on base; Columbus 1 - Paris 10 |
TOP OF THE 9TH |
Columbus Reds batting - Pitching for Paris Cubs : LHP Jose Urena
|
Now at 1B: Chris Stec
|
|
Batting: RHB Pat McCoy
|
0-0: Called Strike 0-1: Foul Ball, location: 2F 0-2: Ball 1-2: Ball 2-2: Foul Ball, location: 2F 2-2: Strikes out swinging
|
Batting: LHB Chris Redhead
|
0-0: Ball 1-0: Ball 2-0: Foul Ball, location: 2F 2-1: Foul Ball, location: 2F 2-2: Ball 3-2: Foul Ball, location: 2F 3-2: Strikes out looking
|
Batting: RHB R.J. Romberg
|
0-0: Called Strike 0-1: Ball 1-1: Ball 2-1: SINGLE (Groundball, 6MD, EV 96.3 MPH)
|
Batting: LHB Tim Kirk
|
0-0: Foul Ball, location: 2F 0-1: DOUBLE (Line Drive, 78M, EV 108.1 MPH) R.J. Romberg to third
|
Batting: RHB Sang-ton Pak
|
0-0: Ball 1-0: Called Strike 1-1: Ball 2-1: Called Strike 2-2: Ball 3-2: Strikes out swinging
|
Top of the 9th over - 0 runs, 2 hits, 0 errors, 2 left on base; Columbus 1 - Paris 10 |
|